 Dungeon Crawl Stone Soup version 0.29-a0-559-g359e09b9d1 (webtiles) character file.

Game seed: 16155415924990915652

399 DamienQuinn the Covered (level 6, -1/39 HPs)
             Began as a Gargoyle Fighter on June 9, 2022.
             Killed by nerve-wracking pain
             ... invoked by an orc priest
              (6 damage)
             ... on level 5 of the Dungeon.
             The game lasted 00:11:03 (3443 turns).

DamienQuinn the Covered (Gargoyle Fighter)          Turns: 3443, Time: 00:11:04

Health: -1/39      AC: 11    Str: 22    XL:     6   Next: 84%
Magic:  6/6        EV:  9    Int:  8    God:
Gold:   145        SH:  4    Dex:  9    Spells: 5/5 levels left

rFire   . . .      SeeInvis .   a - +0 flail
rCold   + . .      Faith    .   c - +0 buckler
rNeg    + . .      Spirit   .   b - +0 scale mail
rPois   ∞          Reflect  .   (no helmet)
rElec   +          Harm     .   (no cloak)
rCorr   .          Rampage  .   (no gloves)
Will    .....                   (no boots)
Stlth   ..........              j - amulet of a Thousand Gods {Acrobat rC+}
HPRegen 0.13/turn               i - ring of flight
MPRegen 0.10/turn               (no ring)

@: flying, hasted, very quick
A: sickness immunity, AC +4, negative energy resistance 1, electricity
resistance, torment resistance 1, petrification resistance
a: no special abilities


You were on level 5 of the Dungeon.
You visited 1 branch of the dungeon, and saw 5 of its levels.

You collected 145 gold pieces.

Inventory:

Hand Weapons
 a - a +0 flail (weapon)
Armour
 b - a +0 scale mail (worn)
 c - a +0 buckler (worn)
 p - a +0 buckler
Magical Staves
 q - a staff of cold
Jewellery
 i - a ring of flight (left hand)
 j - the amulet of a Thousand Gods (around neck) {Acrobat rC+}
   (You found it on level 2 of the Dungeon)

   [amulet of the acrobat]

   It increases your evasion while moving and waiting.
   rC:        It protects you from cold.
Wands
 r - a wand of flame (12)
 s - a wand of iceblast (22)
Scrolls
 e - a scroll of noise {unknown}
 g - a scroll of enchant armour {unknown}
 h - 4 scrolls of identify {unknown}
 k - a scroll of torment {unknown}
 l - a scroll of silence {unknown}
 o - a scroll of immolation {unknown}
 t - a scroll of teleportation {unknown}
Potions
 d - a potion of might
 f - 2 potions of heal wounds {unknown}
 m - a potion of haste
 n - a potion of mutation {unknown}


   Skills:
 + Level 4.7 Fighting
 + Level 4.2 Maces & Flails
 + Level 4.9 Armour
 + Level 1.3 Dodging
 + Level 0.8 Stealth
 + Level 4.2 Shields


You had 5 spell levels left.
You didn't know any spells.
Your spell library contained the following spells:

 Spells                   Type           Power      Damage    Failure   Level
 Summon Small Mammal      Summ           0%         N/A       80%         1
 Call Canine Familiar     Summ           0%         N/A       99%         3
 Summon Guardian Golem    Hex/Summ       0%         N/A       99%         3


Dungeon Overview and Level Annotations

Branches:
Dungeon (5/15)
 Temple: D:4-7

Altars:


Innate Abilities, Weirdness & Mutations

You are immune to sickness and miasma.
Your stone body is resilient. (AC +4)
You are immune to poison.
You resist negative energy. (rN+)
You are resistant to electric shocks. (rElec)
You are resistant to unholy torment.
You are immune to petrification.


Message History

The orc is moderately wounded.
The orc hits you but does no damage.
You sock the orc!
You kill the orc!
An orc wizard comes into view. It is wielding a +0 dagger.
You sock the orc!
You kill the orc!
Found 34 stones.
Found an escape hatch in the ceiling.
Things that are here:
a +2 whip of flaming; a +0 whip; an orc corpse You barely miss the orc priest.
The orc priest looks encouraged for a moment.
You thump the orc priest!
The orc priest is severely wounded.
The orc priest calls down the wrath of Beogh upon you.
Beogh smites you! The orc wizard casts a spell at you. The magic dart hits you.
You completely miss the orc priest.
The orc priest is severely wounded.
The orc priest completely misses you.
The orc wizard hits you but does no damage.
You block the orc wizard's attack. The orc priest hits you with a +0 club.
You hit the orc priest.
The orc priest is almost dead.
The orc priest mumbles some strange prayers to Beogh against you.
Beogh smites you!
* * * LOW HITPOINT WARNING * * *
The orc wizard points at you and mumbles some strange words.
You resist with some effort.
It was a potion of flight.
You feel more buoyant.
A phantom comes into view.
The orc priest hits you but does no damage.
The orc wizard points at you and mumbles some strange words.
The puff of flame hits you but does no damage.
It was a potion of haste.
You feel yourself speed up.
The orc priest invokes the aid of Beogh against you.
Pain shoots through your body!
You die...

# .# ##..# (.<.#
....# ...W#
##.##...... ....###
.#......... .......
.#...#...) .......
.#....... ......(
.#.....#
########o......
.#.....#
#......@o......
.......#
#.........#####
.......# #.........#
#......# #.........#
#....#.###.........#
#..#.#.##..........#
#..#...##..........#
..>###.............#
.........##+#########


You could see a phantom, an orc priest and an orc wizard.

Vanquished Creatures
  A black bear (D:4)
  A necrophage (D:5)
  A jelly (D:3)
  3 iguanas
  An orc wizard (D:5)
  3 adders
  3 gnolls (D:5)
  2 worms
  2 dart slugs (D:1)
  6 orcs
  5 ball pythons
  2 endoplasms
  3 giant cockroaches
  5 goblins
  6 hobgoblins
  3 bats
  2 frilled lizards
  6 kobolds
  A rat (D:2)
56 creatures vanquished.

Vanquished Creatures (others)
  A fungus (D:1)
  6 plants (D:1)
7 creatures vanquished.

Grand Total: 63 creatures vanquished

Notes
Turn   | Place    | Note
-------+----------+-------------------------------------------
     0 | D:1      | DamienQuinn the Gargoyle Fighter began the quest for the
                  | Orb.
     0 | D:1      | Reached XP level 1. HP: 14/14 MP: 1/1
   227 | D:1      | Reached XP level 2. HP: 19/19 MP: 2/2
   508 | D:1      | Found a faded altar of an unknown god.
   537 | D:1      | Reached XP level 3. HP: 23/23 MP: 3/3
   576 | D:2      | Identified the amulet of a Thousand Gods {Acrobat rC+}
  1899 | D:3      | Reached XP level 4. HP: 9/29 MP: 4/4
  2169 | D:4      | Noticed a black bear
  2181 | D:4      | Killed a black bear
  2182 | D:4      | Reached skill level 1 in Dodging
  2182 | D:4      | Reached XP level 5. HP: 22/33 MP: 5/5
  2214 | D:4      | HP: 1/33 [iguana (2)]
  2563 | D:5      | Entered Level 5 of the Dungeon
  2626 | D:5      | Reached XP level 6. HP: 26/39 MP: 6/6
  3443 | D:5      | Killed from afar by an orc priest

Illustrated notes

Levels and vault maps discovered:
D:1:      wheals_arrival_linesprint, layout_rooms,
          shapermc_ecumenical_altar_mp_ritualfount
D:2:      minmay_diamond_boxcup, layout_basic, chequers_serial_rivers_room_a
D:3:      layout_basic, bh_walls_and_bars
D:4:      layout_cave_pools, uniq_menkaure
D:5:      layout_basic, enter_ossuary_5

Skill      XL: |  1  2  3  4  5  6 |
---------------+-------------------+-----
Armour         | 4 |  4.9
Maces & Flails | 3 4 |  4.2
Fighting       | 4 |  4.7
Dodging        | 1 |  1.3
Shields        | 4 |  4.2
Stealth        | |  0.8

Action                   |  1- 3 |  4- 6 || total
-------------------------+-------+-------++-------
Melee: Flail             |   115 |   125 ||   240
  Use: Potion            |       |     2 ||     2
Armor: Scale mail        |    92 |    65 ||   157
Dodge: Dodged            |   152 |    64 ||   216
Block: Buckler           |    44 |    24 ||    68

Table legend: (Time is in decaauts)
 A = Elapsed time spent in this place.
 B = Non-inter-level travel time spent in this place.
 C = Inter-level travel time spent in this place.
 D = Time resting spent in this place.
 E = Time spent auto-exploring this place.
 F = Levels seen in this place.
 G = Mean time per level.
                   A        B        C        D        E       F      G
               +--------+--------+--------+--------+--------+-----+--------+
         Total |   3512 |   3512 |      0 |   1407 |      0 |   5 |  702.4 |
       Dungeon |   3512 |   3512 |      0 |   1407 |      0 |   5 |  702.4 |
               +--------+--------+--------+--------+--------+-----+--------+

Top non-repeatable levels by time:
     D:3: 1329 daAuts
     D:5: 902 daAuts
     D:1: 555 daAuts
     D:4: 450 daAuts
     D:2: 275 daAuts
